 Dungeon Crawl Stone Soup version 0.27-a0-1123-g2f9bb313c0 (webtiles) character file.

Game seed: 1835259038901836556

1837646 jestyr24 the Archmage (level 27, 189/210 HPs)
             Began as a Djinni Conjurer on May 2, 2021.
             Was the Champion of Makhleb.
             Escaped with the Orb
             ... and 3 runes on May 4, 2021!
             The game lasted 14:58:32 (64416 turns).

jestyr24 the Archmage (Djinni Conjurer)            Turns: 64416, Time: 14:58:33

Health: 189/210    AC: 23    Str: 13    XL:     27
Gold:   5331       EV: 27    Int: 29    God:    Makhleb [******] SH: 20 Dex: 19

rFire    + + .     SeeInvis .   a - +11 demon blade "Death Rattle" {vamp, rElec rPois Int+4 Dex-5}
rCold    . . .     Faith    .   C - +0 kite shield {AC+3}
rNeg     + + +     Spirit   +   H - +4 troll leather armour
rPois    ∞         Reflect  +   M - +2 hat of the Bear Spirit {Spirit, +Rage rN+ Will++}
rElec    +         Harm     .   k - +2 ratskin cloak {*Rats rPois rN+ Str-1 Int-1 Dex+1}
rCorr    .         Rampage  .   G - +2 pair of gloves
Will     ++++.                  (boots unavailable)
Stlth    ++........             R - amulet of the Slashing Fool {Reflect Regen+ Str+4 Dex+4 SH+5}
HPRegen  2.45/turn              U - ring of Poifer {rElec rC+ rN+ AC+4 Stlth+}
MPRegen  0.00/turn              n - ring of Axtahod {EV+4 Dex+4}

@: flying, studying 2 skills
A: fire resistance 2, cold vulnerability 1, float, innate caster, hp casting,
extra vitality 1, antennae 1, mutation resistance 1
0: Orb of Zot
}: 3/15 runes: serpentine, barnacled, slimy
a: Renounce Religion, Evoke Berserk Rage, Minor Destruction, Lesser Servant of
Makhleb, Major Destruction, Greater Servant of Makhleb


You escaped.
You worshipped Makhleb.
Makhleb was exalted by your worship.
You visited 12 branches of the dungeon, and saw 57 of its levels.
You also visited: Trove, Gauntlet, Ice Cave, Volcano and Desolation.

You collected 8485 gold pieces.
You spent 3154 gold pieces at shops.

Inventory:

Hand Weapons
 a - the +11 demon blade "Death Rattle" (weapon) {vamp, rElec rPois Int+4 Dex-5}
   (You found it on level 3 of the Lair of Beasts)

   It inflicts no extra harm, but heals its wielder when it wounds a living foe.
   It affects your intelligence (+4).
   It affects your dexterity (-5).
   It insulates you from electricity.
   It protects you from poison.
 Z - a +3 triple sword of chaos
Missiles
 d - 16 curare-tipped darts
 z - a throwing net
 J - 19 atropa-tipped darts
 P - 9 datura-tipped darts
 W - 7 boomerangs of dispersal
Armour
 k - the +2 ratskin cloak (worn) {*Rats rPois rN+ Str-1 Int-1 Dex+1}
   (You found it on level 6 of the Dungeon)

   It affects your strength (-1).
   It affects your intelligence (-1).
   It affects your dexterity (+1).
   It protects you from poison.
   It protects you from negative energy.
 r - a scarf of resistance
 s - the -4 cloak "Meghenk" {rC+ Int+4 Slay+5}
   (You found it on level 2 of the Depths)

   It affects your intelligence (+4).
   It affects your accuracy and damage with ranged weapons and melee attacks
   (+5).
   It protects you from cold.
 x - +0 shadow dragon scales
 B - a +2 tower shield
 C - a +0 kite shield of protection (worn)
 G - a +2 pair of gloves (worn)
 H - a +4 troll leather armour (worn)
 M - the +2 hat of the Bear Spirit (worn) {Spirit, +Rage rN+ Will++}
   (You found it in the Desolation of Salt)

   It protects you from negative energy.
   It lets you go berserk.
   It greatly increases your willpower.
Magical Staves
 b - a staff of conjuration
Jewellery
 n - the ring of Axtahod (right hand) {EV+4 Dex+4}
   (You found it on level 15 of the Dungeon)

   [ring of evasion]

   It affects your evasion (+4).
   It affects your dexterity (+4).
 o - a ring of willpower
 I - the ring of Ongucyd {rCorr Dex+4}
   (You found it on level 3 of the Elven Halls)

   [ring of resist corrosion]

   It affects your dexterity (+4).
   It protects you from acid and corrosion.
 R - the amulet of the Slashing Fool (around neck) {Reflect Regen+ Str+4 Dex+4 SH+5}
   (You acquired it on level 1 of the Vaults)

   [amulet of reflection]

   It reflects blocked missile attacks.
   It affects your strength (+4).
   It affects your dexterity (+4).
   It increases your rate of health regeneration.
   It affects your SH (+5).
 T - the ring "Okhaec" {Fly rElec Dex+2 SInv Stlth-}
   (You found it on level 3 of the Vaults)

   [ring of flight]

   It affects your dexterity (+2).
   It insulates you from electricity.
   It lets you see invisible.
   It grants you flight.
   It makes you less stealthy.
 U - the ring of Poifer (left hand) {rElec rC+ rN+ AC+4 Stlth+}
   (You found it on level 15 of the Dungeon)

   [ring of protection]

   It affects your AC (+4).
   It protects you from cold.
   It insulates you from electricity.
   It protects you from negative energy.
   It makes you more stealthy.
Wands
 h - a wand of iceblast (108)
 l - a wand of flame (227)
 w - a wand of charming (15)
 E - a wand of acid (47)
 K - a wand of polymorph (6)
 L - a wand of paralysis (68)
 O - a wand of digging (48)
Scrolls
 e - 9 scrolls of fog
 i - 22 scrolls of teleportation
 m - 10 scrolls of fear
 p - 11 scrolls of magic mapping
 t - 10 scrolls of identify
 y - 2 scrolls of summoning
 N - 2 scrolls of enchant armour
 Q - 2 scrolls of blinking
 Y - 6 scrolls of enchant weapon
Potions
 c - 30 potions of curing
 f - 6 potions of resistance
 g - 4 potions of ambrosia
 j - 6 potions of mutation
 q - 11 potions of haste
 u - 8 potions of brilliance
 A - 3 potions of invisibility
 D - 6 potions of berserk rage
 F - 3 potions of cancellation
 S - 9 potions of might
 X - 10 potions of heal wounds
Miscellaneous
 v - a condenser vane
 V - a box of beasts


   Skills:
 * Level 21.6 Fighting
 - Level 14.6 Long Blades
 * Level 17.1 Dodging
 - Level 6.4 Stealth
 * Level 19.4 Shields
 O Level 27 Spellcasting
 * Level 12.1 Invocations
 + Level 14.8 Evocations


You couldn't memorise any spells.
You knew the following spells:

 Your Spells              Type           Power      Damage    Failure   Level
a - Magic Dart            Conj           100%       1d8       0%          1
b - Searing Ray           Conj           100%       3d7       0%          2
c - Ignition              Fire           57%        3d16      1%          8
d - Fulminant Prism       Conj/Hex       57%        3d25      0%          4
e - Iskenderun's Mystic   Conj/Tloc      100%       2d19      0%          4
f - Animate Skeleton      Necr           100%       N/A       0%          1
g - Ensorcelled Hibernat  Hex/Ice        100%       N/A       0%          2
h - Confusing Touch       Hex            100%       N/A       0%          3
i - Leda's Liquefaction   Hex/Erth       57%        N/A       0%          4
j - Summon Mana Viper     Hex/Summ       100%       N/A       0%          5
k - Silence               Hex/Air        57%        N/A       0%          5
l - Blade Hands           Tmut           57%        N/A       0%          6
m - Shadow Creatures      Summ           N/A        N/A       0%          6
n - Simulacrum            Ice/Necr       57%        N/A       0%          6
o - Dazzling Flash        Conj/Hex       100%       N/A       0%          3
p - Necromutation         Tmut/Necr      57%        N/A       1%          8
q - Dragon's Call         Summ           57%        N/A       1%          9
r - Death's Door          Necr           57%        N/A       1%          9
Your spell library was empty.

Dungeon Overview and Level Annotations

Branches:
Dungeon (15/15)            Temple (1/1) D:6            Lair (6/6) D:8
 Shoals (4/4) Lair:3        Snake (4/4) Lair:2        Slime (5/5) Lair:6
    Orc (2/2) D:9             Elf (3/3) Orc:2        Vaults (4/5) D:14
  Crypt (3/3) Vaults:3       Tomb (0/3) Crypt:3      Depths (5/5) D:15
    Zot (5/5) Depths:5      IceCv (visited)         Volcano (visited)
Desolation (visited)      Gauntlet (visited)

Altars:
Ashenzari
Cheibriados
Dithmenos
Elyvilon
Fedhas
Gozag
Hepliaklqana
Kikubaaqudgha
Makhleb
Nemelex Xobeh
Okawaru
Qazlal
Ru
Sif Muna
Trog
Uskayaw
Vehumet
Wu Jian
Xom
Yredelemnul
Zin
The Shining One

Shops:
D:2 *   Orc:1 *   Orc:2 (*=*   Shoals:2 [   Snake:2 [   Snake:3 *   Vaults:1 ?
Vaults:2 !   Vaults:4 :?(:   Depths:1 [!*(   Depths:2 (   Depths:3 =

Portals:
Hell: Depths:1 Depths:2 Depths:3 Depths:4 Depths:5
Abyss: Depths:1 Depths:2 Depths:4
Pandemonium: Orc:2 Depths:2 Depths:3
Ziggurat: Depths:3

Annotations:
D:5 1 runed translucent door
Lair:4 1 exclusion
Vaults:1 1 exclusion


Innate Abilities, Weirdness & Mutations

You are immune to poison.
Your flesh is very heat resistant. (rF++)
You are vulnerable to cold. (rC-)
You float through the air rather than walking.
You learn spells naturally, not from books.
Your magical power is your life essence.
You have superior vitality. (+4 HP)
You have a pair of small antennae on your head.
You are somewhat resistant to further mutation.


Message History

Aim: an infernal demonspawn, wielding a +0 mace and wearing a +0 chain mail (purple smoke, almost dead, 83% to hit)
The searing ray misses the infernal demonspawn. (Press . to maintain the ray.)
Casting: Searing Ray (safe; 0% risk of failure)
Confirm with . or Enter, or press ? or * to list all spells.
You erupt in a blast of force!
The mystic blast hits the infernal demonspawn!!
You kill the infernal demonspawn!
Makhleb accepts your kill.
You feel better.
A Hell Sentinel comes into view.
Casting: Iskenderun's Mystic Blast (safe; 0% risk of failure)
Confirm with . or Enter, or press ? or * to list all spells.
Aiming: Fulminant Prism (safe; 0% risk of failure)
Press: ? - help, Dir - move target You conjure a prism of explosive energy!
A fulminant prism comes into view.
Your fulminant prism crackles loudly.
Your fulminant prism explodes!
The blast of energy engulfs the Hell Sentinel!
The Hell Sentinel is lightly wounded.
Blink to where?
Press: ? - help, Dir - move target
As you read the scroll of blinking, it crumbles to dust.
There is a stone staircase leading up here.
You fly upwards.
There is a stone staircase leading down here.
There is a stone staircase leading up here.
You fly upwards.
There is a stone staircase leading down, spattered with blood here.
You see here a rat skeleton.
A balrug and 3 sun demons come into view.
The sun demon shouts! x3
You block the sun demon's attack. The sun demon hits you.
You are engulfed in flames.
You resist. You block the sun demon's attack.
There is a staircase leading out of the dungeon here.
The balrug gestures at you. Something smites you!
The sun demon barely misses you. The sun demon misses you.
You block the sun demon's attack.
You have escaped!

....# #.................##≈≈≈#.##
.##.###..#######...##..###≈≈##...
.##.##...##...##...##### ##≈≈###.
.........#.'##.#...# ##≈≈##.
###.##...'.#>#.#...# #####.
###.##...#.###.#...# ######.
....###..##...##...########.#.#.#
##### #..#######.3......##.#.#...
# #.........@.2####.#.#.###.. ###
#.........33.####.##.## ##. ..#
###...######.##.....#.###.# ..#
#...# #.##.#.##.#.#.#. #.# #...#
#.##.....'###### ..#
#####...######......#.#..###.
#.###...........###.###.#.#......
#...................# #...##.....
..###..)........##### #...##8._..


You could see a balrug and 3 sun demons.

Vanquished Creatures
  the Royal Jelly (Slime:5)
  3 ancient liches
  A dread lich (Crypt:3)
  An orb of fire (Zot:3)
  Mara (Crypt:3)
  Mennas (Crypt:1)
  Boris (twice) (Crypt:1 Crypt:3)
  Margery (Depths:3)
  Bai Suzhen (Crypt:1)
  2 Killer Klowns (Zot:5)
  Xtahua (Depths:3)
  the Enchantress (Depths:5)
  A golden dragon (Vaults:4)
  Jory (Crypt:3)
  2 electric golems (Zot:1)
  7 tentacled monstrosities
  Jorgrun (D:13)
  Rupert (D:14)
  2 deep elf blademasters (Elf:3)
  16 Orb Guardians (Zot:5)
  2 liches (Crypt:3)
  6 quicksilver dragons
  3 krakens
  5 sphinxes
  21 acid blobs
  A deep elf master archer (Elf:3)
  Asterion (Vaults:1)
  Gastronok (Lair:3)
  8 ancient champions
  11 death cobs
  A titan (Vaults:1)
  Frances (Shoals:2)
  5 shadow dragons
  6 tengu reavers
  6 draconian monks
  6 nagarajas
  14 storm dragons
  6 azure jellies
  6 rockslimes
  5 deep elf sorcerers
  10 fire giants
  6 draconian scorchers
  3 revenants
  A draconian knight (Zot:1)
  4 imperial myrmidons (Desolation)
  A cacodemon (Depths:1)
  2 orc warlords (Vaults:4)
  13 vault wardens
  Aizul (Snake:2)
  2 ghost moths (Zot:4)
  2 curse skulls
  4 deep elf elementalists (Elf:3)
  15 quicksilver oozes
  3 iron dragons
  17 ghouls
  10 frost giants
  5 draconian shifters
  5 draconian annihilators
  4 war gargoyles (Vaults:3)
  4 spriggan defenders
  24 very ugly things
  4 draconian stormcallers
  14 stone giants
  A reaper (Depths:1)
  14 ironbound preservers
  11 green draconians
  3 vampire knights
  4 red draconians
  The ghost of Dazliare the Cruncher, a journeyman DrGl of Fedhas (Lair:3)
  3 deep elf demonologists (Elf:3)
  3 entropy weavers
  Azrael (Elf:2)
  2 dire elephants (Vaults:4)
  9 black draconians
  5 yellow draconians
  13 purple draconians
  10 white draconians
  A minotaur (Gauntlet)
  9 deep elf annihilators (Elf:3)
  2 green deaths
  4 merfolk javelineers
  5 crystal guardians
  5 deep elf death magi
  12 ettins
  7 eidola
  14 yaktaur captains
  14 fire dragons
  2 blizzard demons
  A jiangshi (Crypt:3)
  6 ironbound thunderhulks
  13 merfolk impalers
  7 ice dragons
  9 ragged hierophants (Desolation)
  Fannar (Lair:3)
  Harold (Lair:1)
  5 deep elf high priests
  15 great orbs of eyes
  A hydra (shapeshifter) (Elf:1)
  13 naga warriors
  9 hydras
  7 boulder beetles
  6 vault guards
  3 salamander tyrants (Snake:4)
  2 quicksilver dragon skeletons (Crypt:2)
  7 ironbound frosthearts
  14 peacekeepers
  The ghost of bjtr the Destroyer, a journeyman GnCj of Vehumet (D:11)
  2 death knights (Crypt:2)
  3 rakshasas
  2 servants of whispers (Desolation)
  2 ogre magi
  Erica (D:11)
  19 centaur warriors
  2 monstrous demonspawn (Depths:2)
  2 alligator snapping turtles
  3 spriggan air magi
  2 merfolk avatars
  2 merfolk aquamancers (Shoals:4)
  7 anacondas
  2 death scarabs (Gauntlet)
  35 dancing weapons
  9 death yaks (Lair:6)
  6 deep troll shamans
  9 satyrs
  10 two-headed ogres
  8 deep troll earth magi
  10 tengu warriors
  10 naga sharpshooters
  8 vampire magi
  4 ironbound beastmasters
  8 shock serpents
  8 hell knights (Depths:3)
  5 orc high priests
  5 spriggan berserkers
  2 sun demons
  A fire crab (shapeshifter) (Depths:3)
  20 deep elf knights
  5 soul eaters
  2 shadow wraiths
  4 iron trolls
  6 salamander mystics
  2 titan skeletons
  36 skeletal warriors
  6 sixfirhies
  2 torturous demonspawn
  2 sea snakes
  2 gelid demonspawn (Orc:2)
  6 glowing orange brains
  4 flayed ghosts
  A shadow dragon zombie (Crypt:2)
  37 deep trolls
  8 naga ritualists
  A shadow demon (Zot:1)
  An obsidian statue (Depths:1)
  5 bog bodies
  11 necromancers
  10 deep elf archers
  4 infernal demonspawn
  11 wizards
  2 wolf spider zombies
  7 lindwurms (Vaults:2)
  29 ironbound convokers
  A tengu zombie (Depths:2)
  22 deep elf pyromancers
  30 deep elf zephyrmancers
  14 phantasmal warriors
  A lindwurm (shapeshifter) (Elf:3)
  14 harpies
  16 salamanders
  A fire giant zombie (Vaults:3)
  4 shining eyes
  8 oklob plants
  8 orc knights
  10 mana vipers
  2 anaconda skeletons
  A stone giant zombie (Vaults:3)
  44 ugly things
  11 manticores
  A shadow dragon skeleton (Crypt:2)
  10 fauns
  12 orc sorcerers
  2 sphinx skeletons (Vaults:3)
  9 cyclopes
  21 moths of wrath
  A frost giant zombie (Depths:2)
  32 black mambas
  2 human skeletons (Vaults:3)
  The ghost of derath95 the Destroyer, a novice DECj of Sif Muna (D:6)
  2 rust devils
  A titan simulacrum (Crypt:2)
  7 merfolk sirens
  24 naga magi
  A fire giant skeleton (Crypt:1)
  2 molten gargoyles
  A frost giant skeleton (Crypt:2)
  14 vault sentinels
  An ice statue (IceCv)
  6 elephants (Lair:5)
  6 guardian serpents
  2 torpor snails
  An eye of devastation (Slime:3)
  5 water nymphs
  2 orange demons (Depths:1)
  26 cane toads
  5 gargoyles
  6 rime drakes
  An unseen horror (D:12)
  A hellion (Depths:1)
  4 ice devils
  A kobold demonologist (D:13)
  15 komodo dragons
  A spark wasp simulacrum (Depths:2)
  2 freezing wraiths
  A yaktaur zombie (Vaults:3)
  4 tengu conjurers
  2 red devils
  A yellow draconian skeleton (Crypt:2)
  A purple draconian skeleton (Crypt:3)
  15 polar bears
  17 yaktaurs
  23 merfolk
  A hornet (Depths:5)
  5 hellwings
  10 trolls
  Grinder (D:4)
  4 tyrant leeches (Lair:6)
  7 wind drakes
  A wolf spider simulacrum (Crypt:1)
  Prince Ribbit (D:5)
  22 blink frogs (Lair:6)
  86 slime creatures
  A hydra skeleton (Crypt:3)
  A harpy skeleton (D:15)
  A satyr zombie (Crypt:2)
  4 snapping turtles
  16 dream sheep
  2 spectral black mambas (Gauntlet)
  54 saltlings (Desolation)
  3 air elementals
  A spriggan (shapeshifter) (D:15)
  A shadow (D:10)
  A tarantella (shapeshifter) (D:13)
  2 vampires
  3 wraiths
  A redback (Vaults:2)
  8 water elementals
  Sigmund (D:6)
  6 fire bats (Volcano)
  A fire dragon skeleton (Crypt:1)
  2 spriggans (Depths:5)
  2 wyverns
  5 ynoxinuls
  3 basilisks
  54 yaks
  2 neqoxecs
  8 golden eyes
  3 fire elementals
  3 chaos spawn
  10 vampire mosquitoes
  3 steam dragons
  A spriggan simulacrum (Depths:2)
  Menkaure (D:5)
  3 acid dragons (D:11)
  38 nagas
  An ogre zombie (Vaults:3)
  7 wargs (Orc:2)
  Edmund (D:5)
  A gelid demonspawn skeleton (Crypt:3)
  A water moccasin (shapeshifter) (Depths:2)
  A human simulacrum (Vaults:3)
  18 water moccasins
  4 hell hounds (Elf:2)
  A spectral torpor snail (Gauntlet)
  An ice beast (D:7)
  A lindwurm zombie (Crypt:2)
  31 orc warriors
  A small abomination (D:11)
  2 black bears (D:6)
  4 sky beasts
  8 necrophages
  6 ogres
  An ogre (shapeshifter) (Depths:4)
  2 swamp dragon zombies
  19 wolves
  8 boggarts
  3 phantoms
  16 centaurs
  4 kobold brigands
  31 bullfrogs
  5 earth elementals
  11 scorpions
  An elf skeleton (Crypt:1)
  A wyvern skeleton (D:6)
  A warg skeleton (Crypt:1)
  10 killer bees (D:8)
  A yak skeleton (Crypt:3)
  A troll skeleton (Crypt:3)
  10 wights
  4 electric eels
  6 howler monkeys
  A polar bear skeleton (Crypt:1)
  6 jellies
  7 centaur zombies
  6 lava snakes (Volcano)
  A bullfrog skeleton (D:5)
  18 orc priests
  2 gnoll shamans
  Ijyb (D:3)
  A basilisk skeleton (Crypt:3)
  5 iguanas
  14 orc wizards
  3 hell rats (D:6)
  A felid zombie (Crypt:3)
  A deep dwarf skeleton (Crypt:2)
  An ogre skeleton (Crypt:1)
  A naga skeleton (Crypt:1)
  A hound skeleton (D:4)
  2 howler monkey zombies
  Robin (D:3)
  22 gnolls
  2 adders (D:6)
  4 river rats (D:6)
  20 white imps
  An ufetubus (D:4)
  A lava snake skeleton (Crypt:1)
  3 dart slugs
  60 orcs
  6 ball pythons
  A bat skeleton (Crypt:2)
  8 endoplasms
  2 giant cockroaches
  20 goblins
  11 hobgoblins
  11 jackals
  2 quokkas
  4 bats
  4 frilled lizards
  A frilled lizard zombie (Crypt:1)
  A jackal skeleton (Crypt:2)
  16 kobolds
  An orc zombie (Crypt:2)
  A quokka skeleton (Crypt:1)
  A quokka zombie (Crypt:2)
  24 rats
  A bush (Lair:6)
  3 butterflies (D:5)
  2 fulminant prisms
  2 pillars of salt (Desolation)
  7 tentacles
2404 creatures vanquished.

Vanquished Creatures (collateral kills)
  A dread lich (Zot:5)
  An ancient lich (Zot:5)
  3 orbs of fire
  Frederick (Crypt:3)
  Saint Roka (Crypt:3)
  The ghost of Juzit the Bludgeoner, a legendary GnFi of Cheibriados (Zot:4)
  7 Killer Klowns (Zot:5)
  2 golden dragons
  A bone dragon (Crypt:3)
  2 electric golems (Zot:5)
  8 Orb Guardians (Zot:5)
  4 tentacled monstrosities (Zot:4)
  A lich (Crypt:3)
  4 acid blobs
  An ancient champion (Crypt:3)
  A storm dragon (Zot:4)
  A draconian monk (Zot:3)
  2 shadow dragons
  A rockslime (Slime:4)
  A nagaraja (Snake:4)
  A frost giant (Depths:4)
  A ghost moth (Zot:4)
  A draconian knight (Zot:5)
  A draconian scorcher (Zot:2)
  A ghoul (Crypt:3)
  A draconian annihilator (Zot:4)
  A quicksilver ooze (Slime:1)
  A very ugly thing (Depths:1)
  3 green draconians
  Nessos (D:12)
  3 red draconians
  4 purple draconians
  A yellow draconian (Zot:2)
  3 white draconians
  A green death (Zot:1)
  A merfolk impaler (Shoals:2)
  A great orb of eyes (Slime:5)
  A boulder beetle (D:15)
  A centaur warrior (D:15)
  3 naga sharpshooters
  An iron troll (Depths:1)
  A salamander mystic (Snake:4)
  A skeletal warrior (Crypt:3)
  A shadow wraith (Crypt:3)
  A phantasmal warrior (Crypt:3)
  A harpy (Shoals:2)
  A deep elf pyromancer (D:15)
  6 ugly things
  A salamander (Snake:4)
  4 moths of wrath
  A guardian serpent (Desolation)
  A smoke demon (Depths:3)
  A white draconian zombie (Crypt:3)
  An unseen horror (D:12)
  A tengu conjurer (Depths:4)
  A troll (D:9)
  A wind drake (Shoals:2)
  A saltling (Desolation)
  2 water elementals
  5 nagas
  2 orc warriors (Crypt:3)
  A dream sheep zombie (Crypt:3)
  2 boggarts (D:15)
  2 centaurs
  An orc (Crypt:3)
116 creatures vanquished.

Vanquished Creatures (others)
  A tentacled monstrosity (Zot:5)
  An Orb Guardian (Zot:5)
  A sun demon (Depths:1)
  A sea snake (Shoals:4)
  A sky beast (D:9)
  2 bushes
  1019 fulminant prisms
  58 fungi
  336 plants
  23 tentacles
  2 withered plants (Desolation)
1445 creatures vanquished.

Grand Total: 3965 creatures vanquished

Notes
Turn   | Place    | Note
-------+----------+-------------------------------------------
     0 | D:1      | jestyr24 the Djinni Conjurer began the quest for the Orb.
     0 | D:1      | Reached XP level 1. HP: 15/15 MP: 0/0
   126 | D:1      | Found a faded altar of an unknown god.
   302 | D:1      | Reached XP level 2. HP: 12/21 MP: 0/0
   304 | D:1      | Reached skill level 4 in Spellcasting
  1086 | D:1      | Reached XP level 3. HP: 22/25 MP: 0/0
  1086 | D:1      | Learned a level 1 spell: Animate Skeleton
  1595 | D:2      | Reached XP level 4. HP: 19/31 MP: 0/0
  1881 | D:2      | Found Zesesk's Assorted Antiques.
  2055 | D:2      | Reached skill level 5 in Spellcasting
  2056 | D:2      | Reached XP level 5. HP: 23/35 MP: 0/0
  2056 | D:2      | Learned a level 2 spell: Ensorcelled Hibernation
  2658 | D:3      | Noticed Robin
  3138 | D:3      | Killed Robin
  3530 | D:3      | Noticed Ijyb
  3539 | D:3      | Killed Ijyb
  4034 | D:3      | Reached XP level 6. HP: 35/41 MP: 0/0
  4617 | D:4      | Noticed Grinder
  4630 | D:4      | Paralysed by Grinder for 4 turns
  4636 | D:4      | Killed Grinder
  4637 | D:4      | Reached skill level 1 in Fighting
  4637 | D:4      | Reached skill level 6 in Spellcasting
  4637 | D:4      | Reached skill level 1 in Evocations
  4637 | D:4      | Reached XP level 7. HP: 17/47 MP: 0/0
  4637 | D:4      | Learned a level 3 spell: Confusing Touch
  6594 | D:5      | Entered Level 5 of the Dungeon
  6600 | D:5      | Noticed Edmund
  6644 | D:5      | Identified the +8 mace of Xuepieph {drain, rElec Str-4
                  | Int+4}
  6670 | D:5      | Noticed Menkaure
  6676 | D:5      | Killed Menkaure
  6677 | D:5      | Reached XP level 8. HP: 50/54 MP: 0/0
  6701 | D:5      | Reached skill level 7 in Spellcasting
  6967 | D:5      | Noticed Prince Ribbit
  6984 | D:5      | Killed Prince Ribbit
  7316 | D:5      | Found a runed translucent door.
  7318 | D:5      | Found a runed translucent door.
  7447 | D:5      | Identified Ruoff's Incunabulum of Dusty Poisoning
  7539 | D:5      | Killed Edmund
  7766 | D:5      | Reached XP level 9. HP: 57/59 MP: 0/0
  7766 | D:5      | Learned a level 4 spell: Leda's Liquefaction
  7795 | D:5      | Reached skill level 8 in Spellcasting
  8710 | D:6      | Found the +2 ratskin cloak {*Rats rPois rN+ Str-1 Int-1
                  | Dex+1}
  8715 | D:6      | Reached skill level 5 in Stealth
  9116 | D:6      | Reached skill level 9 in Spellcasting
  9303 | D:6      | Found a runed translucent door.
  9308 | D:6      | Noticed derath95's ghost (novice DECj)
  9341 | D:6      | Found a staircase to the Ecumenical Temple.
  9347 | Temple   | Entered the Ecumenical Temple
  9407 | Temple   | Became a worshipper of Makhleb the Destroyer
  9516 | D:6      | Found a glowing silver altar of Zin.
  9529 | D:6      | Noticed Sigmund
  9541 | D:6      | Killed Sigmund
  9683 | D:6      | Killed derath95's ghost
  9684 | D:6      | Reached XP level 10. HP: 49/67 MP: 0/0
  9991 | D:7      | Reached skill level 10 in Spellcasting
 10341 | D:7      | Found a blossoming altar of Fedhas.
 10565 | D:7      | Reached * piety under Makhleb
 10583 | D:7      | Found a broken altar of Ashenzari.
 10583 | D:7      | Found a shimmering altar of Xom.
 10590 | D:7      | Found a stormy altar of Qazlal.
 10671 | D:7      | Found an ornate altar of the Wu Jian Council.
 11493 | D:8      | Noticed a boulder beetle
 11502 | D:8      | Killed a boulder beetle
 11503 | D:8      | Reached skill level 11 in Spellcasting
 12090 | D:8      | Found a staircase to the Lair.
 12097 | D:8      | Reached XP level 11. HP: 57/71 MP: 0/0
 12097 | D:8      | Learned a level 5 spell: Summon Mana Viper
 12355 | D:8      | You are sucked into a shaft and drop 1 floor!
 13122 | D:9      | Reached skill level 12 in Spellcasting
 13249 | D:9      | Found a staircase to the Orcish Mines.
 13598 | D:9      | Found a bloodstained altar of Trog.
 13741 | D:8      | Reached ** piety under Makhleb
 13844 | Lair:1   | Entered Level 1 of the Lair of Beasts
 14310 | Lair:1   | Noticed Harold
 14327 | Lair:1   | Killed Harold
 14680 | Lair:2   | Noticed a six-headed hydra
 14687 | Lair:2   | Killed a six-headed hydra
 14727 | Lair:2   | Reached skill level 13 in Spellcasting
 14900 | Lair:2   | Found a staircase to the Snake Pit.
 14984 | Lair:2   | Reached skill level 5 in Fighting
 14987 | Lair:2   | Reached XP level 12. HP: 80/81 MP: 0/0
 15517 | Lair:3   | Noticed Gastronok
 15528 | Lair:3   | Noticed Fannar
 15542 | Lair:3   | Killed Gastronok
 15543 | Lair:3   | Killed Fannar
 15558 | Lair:3   | Reached skill level 14 in Spellcasting
 15640 | Lair:3   | Found a staircase to the Shoals.
 15899 | Lair:3   | Found a runed translucent gate.
 15901 | Lair:3   | Found a runed translucent gate.
 15901 | Lair:3   | Noticed Dazliare's ghost (journeyman DrGl)
 15902 | Lair:3   | Found a runed translucent gate.
 15902 | Lair:3   | Noticed a 13-headed hydra
 15903 | Lair:3   | Noticed an 11-headed hydra
 16103 | Lair:3   | Reached *** piety under Makhleb
 16253 | Lair:3   | Killed an 11-headed hydra
 16292 | Lair:3   | Killed Dazliare's ghost
 16317 | Lair:3   | Killed a 13-headed hydra
 16324 | Lair:3   | Identified the +11 demon blade "Death Rattle" {vamp, rElec
                  | rPois Int+4 Dex-5}
 16677 | Lair:4   | Reached skill level 1 in Long Blades
 16818 | Lair:4   | Reached XP level 13. HP: 35/89 MP: 0/0
 16818 | Lair:4   | Learned a level 5 spell: Silence
 17230 | Lair:4   | Reached skill level 15 in Spellcasting
 18370 | Lair:6   | Entered Level 6 of the Lair of Beasts
 18399 | Lair:6   | Reached **** piety under Makhleb
 18421 | Lair:6   | Reached skill level 5 in Long Blades
 18432 | Lair:6   | Reached skill level 16 in Spellcasting
 18444 | Lair:6   | Reached XP level 14. HP: 89/98 MP: 0/0
 18543 | Lair:6   | Reached ***** piety under Makhleb
 18651 | Lair:6   | Gained mutation: You are somewhat resistant to further
                  | mutation. [potion of mutation]
 18968 | Lair:6   | Found a staircase to the Slime Pits.
 19657 | Lair:6   | Upgraded the game from 0.27-a0-1116-g91b3acb402 to
                  | 0.27-a0-1119-gbf574a6a6b
 19980 | Orc:1    | Entered Level 1 of the Orcish Mines
 20260 | Orc:2    | Entered Level 2 of the Orcish Mines
 20260 | Orc:2    | Found a frozen archway.
 20292 | Orc:2    | Reached ****** piety under Makhleb
 20347 | Orc:2    | Found Etargh's General Store.
 20353 | Orc:2    | Reached skill level 17 in Spellcasting
 20432 | Orc:2    | Found Hurasipn's General Store.
 20439 | Orc:2    | Reached XP level 15. HP: 106/106 MP: 0/0
 20439 | Orc:2    | Learned a level 6 spell: Blade Hands
 20474 | Orc:2    | Found a dark tunnel.
 20484 | Volcano  | Entered a volcano
 20685 | Volcano  | Found a burning altar of Makhleb.
 20730 | Volcano  | Found a burning altar of Makhleb.
 20862 | IceCv    | Entered an ice cave
 21385 | IceCv    | Noticed a frost giant
 21395 | IceCv    | Killed a frost giant
 21396 | IceCv    | Reached skill level 10 in Fighting
 21675 | Orc:2    | Paralysed by an orc sorcerer for 3 turns
 21809 | Orc:2    | Found Kucrupac's Jewellery Boutique.
 21809 | Orc:2    | Found Fuyw's Antique Weapon Shop.
 21812 | Orc:2    | Found a one-way gate leading to the halls of Pandemonium.
 21883 | Orc:2    | Bought a potion of heal wounds for 75 gold pieces
 22080 | Orc:2    | Found a staircase to the Elven Halls.
 22991 | Orc:1    | Found Syofirch's General Store.
 22999 | Orc:1    | Bought a potion of heal wounds for 85 gold pieces
 22999 | Orc:1    | You are sucked into a shaft and drop 1 floor!
 23219 | D:10     | Entered Level 10 of the Dungeon
 23691 | D:11     | Noticed Erica
 23699 | D:11     | Killed Erica
 23713 | D:11     | Reached skill level 18 in Spellcasting
 23912 | D:11     | You are sucked into a shaft and drop 1 floor!
 23958 | D:12     | Reached XP level 16. HP: 107/114 MP: 0/0
 24047 | D:12     | Noticed Nessos
 24059 | D:12     | Killed Nessos
 24107 | D:12     | Identified the +0 ring mail of the Northern Lights {rC+}
 24232 | D:12     | Lost mutation: You are somewhat resistant to further
                  | mutation. [potion of mutation]
 24232 | D:12     | Gained mutation: You sometimes lose the ability to read
                  | scrolls when taking damage. [potion of mutation]
 24232 | D:12     | Gained mutation: You have a pair of small horns on your
                  | head. [potion of mutation]
 24232 | D:12     | Gained mutation: Your spells are a little harder to cast,
                  | but a little more powerful. [potion of mutation]
 24483 | D:13     | Found a gate leading to a gauntlet.
 24490 | Gauntlet | Entered a Gauntlet
 24490 | Gauntlet | Found a transporter.
 24490 | Gauntlet | Found a transporter.
 24506 | Gauntlet | Found a transporter.
 24507 | Gauntlet | Found a transporter.
 24515 | Gauntlet | Found a transporter.
 24519 | Gauntlet | Found a transporter.
 24523 | Gauntlet | Found a runed translucent door.
 24525 | Gauntlet | Found a runed translucent door.
 24527 | Gauntlet | Found a transporter.
 24543 | Gauntlet | Found a transporter.
 24558 | Gauntlet | Found a transporter.
 24562 | Gauntlet | Found a transporter.
 24570 | Gauntlet | Found a transporter.
 24574 | Gauntlet | Found a transporter.
 24651 | Gauntlet | Identified the +0 pair of gloves "Rirphahets" {rElec Will+
                  | Slay-6}
 24962 | D:13     | Found a shimmering altar of Xom.
 24962 | D:13     | Found a shimmering altar of Xom.
 24962 | D:13     | Found a shimmering altar of Xom.
 25294 | D:13     | Noticed Jorgrun
 25309 | D:13     | Killed Jorgrun
 25390 | D:13     | Identified the amulet of Nemelex Xobeh's Scorn {Rampage
                  | Drain rF+ Regen+ SInv}
 25713 | D:14     | Found a gate to the Vaults.
 25717 | D:14     | Reached skill level 10 in Long Blades
 25809 | D:14     | Noticed Rupert
 25822 | D:14     | Killed Rupert
 25835 | D:14     | Lost mutation: Your spells are a little harder to cast, but
                  | a little more powerful. [potion of mutation]
 25835 | D:14     | Lost mutation: You have a pair of small horns on your head.
                  | [potion of mutation]
 25835 | D:14     | Lost mutation: You sometimes lose the ability to read
                  | scrolls when taking damage. [potion of mutation]
 25835 | D:14     | Gained mutation: You occasionally shout uncontrollably at
                  | your foes. [potion of mutation]
 25835 | D:14     | Gained mutation: You are somewhat resistant to further
                  | mutation. [potion of mutation]
 26798 | D:15     | Entered Level 15 of the Dungeon
 26818 | D:15     | Reached skill level 19 in Spellcasting
 27197 | D:15     | Found a staircase to the Depths.
 27204 | D:15     | Reached XP level 17. HP: 119/121 MP: 0/0
 27204 | D:15     | Learned a level 6 spell: Shadow Creatures
 27445 | D:15     | Identified the ring of Poifer {rElec rC+ rN+ AC+4 Stlth+}
 27625 | D:15     | Identified the ring of Axtahod {EV+4 Dex+4}
 27947 | Snake:1  | Entered Level 1 of the Snake Pit
 29475 | Snake:2  | Found Ymiel's Armour Shop.
 29590 | Snake:2  | Noticed Aizul
 29607 | Snake:2  | Killed Aizul
 30246 | Snake:2  | Reached skill level 20 in Spellcasting
 30682 | Snake:3  | Found Cuteg's Commerce Corner.
 31241 | Snake:4  | Entered Level 4 of the Snake Pit
 31276 | Snake:4  | Reached XP level 18. HP: 90/130 MP: 0/0
 31776 | Snake:4  | Identified the +9 flail of Propriety {elec, Will+}
 31786 | Snake:4  | Reached skill level 21 in Spellcasting
 32114 | Snake:4  | Got a serpentine rune of Zot
 32514 | Shoals:1 | Entered Level 1 of the Shoals
 32750 | Shoals:1 | Reached skill level 1 in Shields
 33217 | Shoals:2 | Noticed Frances
 33227 | Shoals:2 | Killed Frances
 33333 | Shoals:2 | Reached XP level 19. HP: 126/135 MP: 0/0
 33333 | Shoals:2 | Learned a level 6 spell: Simulacrum
 33617 | Shoals:2 | Found Vetsacs's Antique Armour Shop.
 33631 | Shoals:2 | You are sucked into a shaft and drop 1 floor!
 34538 | Shoals:4 | Entered Level 4 of the Shoals
 34893 | Shoals:4 | Identified the +11 mace "Kifish" {drain, Drain +Blink Will+
                  | Str+6}
 34916 | Shoals:4 | Reached skill level 5 in Shields
 35014 | Shoals:4 | Reached skill level 22 in Spellcasting
 35219 | Shoals:4 | Identified a scroll of acquirement
 35220 | Shoals:4 | Acquired a manual of Throwing
 35466 | Shoals:4 | Got a barnacled rune of Zot
 36873 | Elf:1    | Entered Level 1 of the Elven Halls
 37027 | Elf:1    | Reached XP level 20. HP: 143/143 MP: 0/0
 37570 | Elf:1    | Found a portal to a secret trove of treasure.
 37920 | Elf:2    | Noticed Azrael
 37934 | Elf:2    | Killed Azrael
 37960 | Elf:2    | Found a ruined gateway.
 37969 | Desolati | Entered the Desolation of Salt
 38318 | Desolati | Identified the ring "Raff" {rPois rF+ Int+6 Stlth+}
 38327 | Desolati | Found the +2 hat of the Bear Spirit {Spirit, +Rage rN+
                  | Will++}
 38799 | Elf:2    | Found a runed translucent gate.
 38799 | Elf:2    | Found a runed translucent gate.
 38804 | Elf:2    | Found a runed translucent gate.
 39134 | Elf:2    | Reached skill level 23 in Spellcasting
 39150 | Elf:2    | Reached XP level 21. HP: 116/148 MP: 0/0
 39150 | Elf:2    | Learned a level 8 spell: Ignition
 39531 | Elf:3    | Entered Level 3 of the Elven Halls
 39941 | Elf:3    | Reached skill level 10 in Shields
 40091 | Elf:3    | Found the +27 Lear's hauberk
 40099 | Elf:3    | Found the +3 pair of seven-league boots {Rampage+∞}
 40117 | Elf:3    | Identified the Compendium of Dislocated Lightness
 40118 | Elf:3    | Identified the +0 ring mail of Grace {Dex+6}
 40146 | Elf:3    | Identified the +5 hand axe "Qeicomp" {speed, Int+6 Dex+4}
 40161 | Elf:3    | Identified the +7 great sword "Goesmusm" {venom, Stlth+}
 40167 | Elf:3    | Identified the +1 ring mail of Lidwic {rF+}
 40171 | Elf:3    | Identified the +9 ring mail of the Exiled Nights {Contam
                  | rCorr Int+4}
 40192 | Elf:3    | Identified the +3 arbalest of Valiance {venom, rPois Int+4}
 40223 | Elf:3    | Identified the ring of Ongucyd {rCorr Dex+4}
 40231 | Elf:3    | Identified the +8 eveningstar "Cevem" {flame, *Slow rC++
                  | Int+3}
 40406 | Elf:3    | Identified the +8 longbow of Ceklihit {freeze, Int+4}
 41233 | Slime:1  | Entered Level 1 of the Pits of Slime
 41733 | Slime:2  | Gained mutation: You are weak. (Str -2) [a shining eye]
 41817 | Slime:1  | Reached skill level 24 in Spellcasting
 41832 | Slime:1  | Reached XP level 22. HP: 145/156 MP: 0/0
 42616 | Slime:5  | Entered Level 5 of the Pits of Slime
 42638 | Slime:5  | Noticed the Royal Jelly
 42642 | Slime:5  | Killed the Royal Jelly
 43069 | Slime:5  | Identified the +9 whip of Zaty {elec, +Blink Str+3}
 43075 | Slime:5  | Identified the +5 ring mail of Summer {Contam rPois Will-
                  | Int+7}
 43084 | Slime:5  | Got a slimy rune of Zot
 43118 | Slime:5  | Identified the Almanac of Bewitching Conjuration
 43128 | Slime:5  | Identified the ring of Lihapt {Will+ Str+4}
 43139 | Slime:5  | Identified the +3 morningstar of Uskayaw's Approval
                  | {vorpal, Str-2 Dex+5}
 43166 | Slime:5  | Identified the ring of Ascent {Fire rPois Str+5 Int-3 SInv}
 43172 | Slime:5  | Acquired a manual of Evocations
 43585 | Vaults:1 | Entered Level 1 of the Vaults
 43607 | Vaults:1 | Found Gefedat's Magic Scroll Emporium.
 43610 | Vaults:1 | Bought a scroll of acquirement for 936 gold pieces
 43610 | Vaults:1 | Bought a scroll of acquirement for 936 gold pieces
 43610 | Vaults:1 | Bought a scroll of enchant armour for 135 gold pieces
 43612 | Vaults:1 | Acquired the amulet of the Slashing Fool {Reflect Regen+
                  | Str+4 Dex+4 SH+5}
 43613 | Vaults:1 | Acquired 1047 gold pieces
 43825 | Vaults:1 | Reached skill level 5 in Evocations
 43970 | Vaults:1 | Noticed Asterion
 43974 | Vaults:1 | Killed Asterion
 44295 | Vaults:1 | Reached skill level 25 in Spellcasting
 44298 | Vaults:1 | Reached XP level 23. HP: 151/161 MP: 0/0
 44298 | Vaults:1 | Learned a level 8 spell: Necromutation
 45590 | Vaults:2 | Found Ydaytes's Distillery.
 46420 | Vaults:3 | Identified the Tome of the Rocks and Displacement
 46571 | Vaults:3 | Identified the ring "Okhaec" {Fly rElec Dex+2 SInv Stlth-}
 47336 | Vaults:3 | Reached XP level 24. HP: 167/167 MP: 0/0
 47388 | Vaults:3 | Reached skill level 26 in Spellcasting
 47636 | Vaults:3 | Found a staircase to the Crypt.
 48141 | Vaults:4 | Found Sasunizo's Magic Scroll Shoppe.
 48150 | Vaults:4 | Bought 3 scrolls of magic mapping for 210 gold pieces
 48187 | Vaults:4 | Found Folen's Book Boutique.
 48195 | Vaults:4 | Found Oterobext's Antique Weapon Boutique.
 48288 | Vaults:4 | Acquired 396 gold pieces
 48759 | Vaults:4 | Found Evvuud's Book Boutique.
 49142 | D:11     | Found a runed translucent gate.
 49142 | D:11     | Found a runed translucent gate.
 49147 | D:11     | Found a runed translucent gate.
 49153 | D:11     | Noticed bjtr's ghost (journeyman GnCj)
 49198 | D:11     | Killed bjtr's ghost
 49385 | D:11     | You are sucked into a shaft and drop 1 floor!
 49770 | Elf:1    | You paid a toll of +4 ice dragon scales to enter a treasure
                  | trove
 49771 | Trove    | Entered a treasure trove
 50096 | Depths:1 | Entered Level 1 of the Depths
 50157 | Depths:1 | Reached skill level 5 in Dodging
 50157 | Depths:1 | Reached skill level 27 in Spellcasting
 50157 | Depths:1 | Reached skill level 10 in Evocations
 50157 | Depths:1 | Reached XP level 25. HP: 150/173 MP: 0/0
 50157 | Depths:1 | Learned a level 9 spell: Dragon's Call
 50418 | Depths:1 | Reached skill level 1 in Invocations
 50457 | Depths:1 | Found Xoaj's Antique Armour Boutique.
 50458 | Depths:1 | Found Erphiur's General Store.
 50458 | Depths:1 | Found Inworph's Distillery.
 50470 | Depths:1 | Found Epup's Weapon Shop.
 50473 | Depths:1 | Bought 2 potions of heal wounds for 220 gold pieces
 50479 | Depths:1 | Bought a potion of heal wounds for 120 gold pieces
 50484 | Depths:1 | Bought a steaming buckler for 437 gold pieces
 50484 | Depths:1 | Identified the +0 buckler "Tesil" {Str+4 Int+3} (You bought
                  | it in a shop on level 1 of the Depths)
 50894 | Depths:1 | Found a one-way gate to the infinite horrors of the Abyss.
 50929 | Depths:1 | Reached XP level 26. HP: 179/181 MP: 0/0
 50956 | Depths:1 | Found a gateway to Hell.
 51195 | Depths:1 | You are sucked into a shaft and drop 1 floor!
 51221 | Depths:2 | Reached skill level 15 in Fighting
 51586 | Depths:2 | Identified the -4 cloak "Meghenk" {rC+ Int+4 Slay+5}
 51718 | Depths:2 | Found Kitigojo's Antique Weapon Shoppe.
 52685 | Depths:3 | Found a gateway to a ziggurat.
 53136 | Depths:3 | Upgraded the game from 0.27-a0-1119-gbf574a6a6b to
                  | 0.27-a0-1123-g2f9bb313c0
 53141 | Depths:3 | Found Ynuluzo's Jewellery Shop.
 53176 | Depths:3 | Noticed Xtahua
 53185 | Depths:3 | Killed Xtahua
 53291 | Depths:3 | Noticed Margery
 53306 | Depths:3 | Killed Margery
 54030 | Depths:4 | Reached XP level 27. HP: 169/201 MP: 0/0
 54030 | Depths:4 | Learned a level 9 spell: Death's Door
 54150 | Depths:4 | Identified the +8 chain mail "Feroogg" {Int+4 Stlth-}
 54395 | Depths:4 | Identified the +0 helmet of the Secret Seers {rElec rCorr
                  | Int+7 Dex-5}
 54761 | Depths:5 | Entered Level 5 of the Depths
 55070 | Depths:5 | Reached skill level 5 in Invocations
 55126 | Depths:5 | Found a gate to the Realm of Zot.
 55319 | Depths:5 | Noticed the Enchantress
 55322 | Depths:5 | Killed the Enchantress
 55498 | Depths:5 | Found a sparkling altar of Nemelex Xobeh.
 55977 | Crypt:1  | Entered Level 1 of the Crypt
 55977 | Crypt:1  | Noticed Bai Suzhen
 55987 | Crypt:1  | Killed Bai Suzhen
 55987 | Crypt:1  | Noticed Mennas
 55996 | Crypt:1  | Noticed Boris
 56039 | Crypt:1  | Killed Mennas
 56049 | Crypt:1  | Killed Boris
 57188 | Crypt:2  | Reached skill level 10 in Dodging
 57829 | Crypt:3  | Entered Level 3 of the Crypt
 57874 | Crypt:3  | Lost mutation: You are weak. (Str -2) [potion of mutation]
 57874 | Crypt:3  | Lost mutation: You occasionally shout uncontrollably at
                  | your foes. [potion of mutation]
 57875 | Crypt:3  | Noticed Jory
 57891 | Crypt:3  | Killed Jory
 57985 | Crypt:3  | Noticed Boris
 57985 | Crypt:3  | Identified the +0 robe of the Sturgeon {Will+ Dex+2 Stlth+}
 57993 | Crypt:3  | Noticed Frederick
 57995 | Crypt:3  | Killed Boris
 57995 | Crypt:3  | Killed Frederick
 57998 | Crypt:3  | Noticed Saint Roka
 58003 | Crypt:3  | Killed Saint Roka
 58181 | Crypt:3  | Noticed a dread lich
 58181 | Crypt:3  | Noticed an ancient lich
 58202 | Crypt:3  | Killed a dread lich
 58205 | Crypt:3  | Killed an ancient lich
 58231 | Crypt:3  | Identified the +4 ice dragon scales "Wotwutt" {Harm rPois
                  | rF- rC++ Int+2 Slay-5}
 58435 | Crypt:3  | Found a staircase to the Tomb.
 58514 | Crypt:3  | Noticed Mara
 58523 | Crypt:3  | Noticed jestyr24's illusion
 58530 | Crypt:3  | Noticed jestyr24's illusion
 58532 | Crypt:3  | Killed Mara
 59177 | Zot:1    | Entered Level 1 of the Realm of Zot
 59243 | Zot:1    | Reached skill level 15 in Shields
 59243 | Zot:1    | Reached skill level 10 in Invocations
 60533 | Zot:2    | Identified the +5 lajatang of Bodily Harmony {venom, Str+5}
 61317 | Zot:3    | Noticed an orb of fire
 61331 | Zot:3    | Killed an orb of fire
 62110 | Zot:4    | Noticed an orb of fire
 62138 | Zot:4    | Killed an orb of fire
 62166 | Zot:4    | Reached skill level 15 in Dodging
 62419 | Zot:4    | Found a runed translucent door.
 62420 | Zot:4    | Found a shimmering altar of Xom.
 62420 | Zot:4    | Noticed Juzit's ghost (legendary GnFi)
 62473 | Zot:4    | Killed Juzit's ghost
 63097 | Zot:5    | Entered Level 5 of the Realm of Zot
 63116 | Zot:5    | Identified the +0 scale mail of the Lost Defenders {Harm}
 63175 | Zot:5    | Noticed an ancient lich
 63176 | Zot:5    | Noticed an ancient lich
 63177 | Zot:5    | Noticed an orb of fire
 63186 | Zot:5    | Noticed an orb of fire
 63193 | Zot:5    | Killed an ancient lich
 63275 | Zot:5    | Killed an orb of fire
 63289 | Zot:5    | Killed an orb of fire
 63396 | Zot:5    | Killed an ancient lich
 63520 | Zot:5    | Noticed an ancient lich
 63549 | Zot:5    | Noticed a dread lich
 63554 | Zot:5    | Killed an ancient lich
 63554 | Zot:5    | Killed a dread lich
 63756 | Zot:5    | Got the Orb of Zot
 63822 | Zot:4    | Noticed Uqag the pandemonium lord
 64172 | D:11     | Noticed Jach the pandemonium lord
 64175 | D:11     | Gained mutation: You have a pair of small antennae on your
                  | head. [a neqoxec]
 64416 | D:$      | Escaped with the Orb!

Illustrated notes

Levels and vault maps discovered:
D:1:      minmay_arrival_stone_box, layout_loops_cross,
          hellmonk_ecumenical_altar_slurped_away, chequers_big_river
D:2:      layout_loops_ring, serial_shops, shop, corexii_hall_statues_deadend
D:3:      layout_basic, uniq_robin, uniq_ijyb
D:4:      layout_rooms, serial_bayou_pond_b, minmay_quadrilaterals, uniq_grinder
D:5:      lemuel_insect_pit, layout_gridville, uniq_menkaure, uniq_edmund,
          uniq_prince_ribbit1
D:6:      wander_guarded_unrand_ratskin, layout_basic,
          gammafunk_temple_overflow_elements,
          minmay_temple_entry_enclosed_plants, ebering_ghost_sewer_d,
          uniq_sigmund
D:7:      layout_rooms, fedhas_altar_3, chequers_temple_overflow_minitemple,
          serial_rivers, chequers_serial_rivers_micro_b,
          chequers_serial_rivers_large_a, chequers_serial_rivers_micro_b,
          chequers_serial_rivers_marsh
D:8:      layout_gridville, grunt_lair_entry_orc_guard_hut, fountainhead,
          kennysheep_opposing_triangles
D:9:      layout_loops_ring, kennysheep_little_box, orc_0_dummy, st_stairs_3,
          hangedman_misty_isle
D:10:     layout_rooms, grunt_decor_junction
D:11:     layout_long_grid, gammafunk_ghost_endoplasm,
          kennysheep_generic_room_15, uniq_erica
D:12:     layout_rooms, uniq_nessos
D:13:     layout_loops_ring, gauntlet_entry_generic, xom_shifter_show,
          uniq_jorgrun
D:14:     layout_grid_maze, erik_vaults_1, serial_rivers,
          chequers_serial_rivers_micro_e, chequers_serial_rivers_micro_c,
          chequers_serial_rivers_marsh, chequers_serial_rivers_micro_e,
          chequers_serial_rivers_micro_e, chequers_serial_rivers_micro_a,
          serial_park_gazebo [serial_park_minivault_5x5_3], uniq_rupert
D:15:     grunt_enter_depths_magical_seal, layout_long_grid,
          minmay_misc_feat_diagonals, minmay_checkered_concentric_circles
Temple:   cyrus_circular_temple
Lair:1:   layout_roguey, grunt_megastairs_3, uniq_harold
Lair:2:   layout_roguey, guppyfry_snake_entry_island
Lair:3:   layout_roguey, minmay_shoals_entry_centaurs,
          gammafunk_ghost_hydra_chop, uniq_fannar, uniq_gastronok
Lair:4:   layout_layer_cave, infiniplex_staircase_pool
Lair:5:   layout_hall_layers, chequers_serial_rivers_small_3,
          minmay_stone_trees_small, uniq_sonja
Lair:6:   minmay_lair_end_frog_pond, layout_concentric_octagons,
          minmay_slime_entry_oklob_enclosed, st_stairs_12,
          nicolae_quartered_pool_medium
Shoals:1: layout_shoals
Shoals:2: layout_shoals, serial_shops, shop, uniq_frances
Shoals:3: layout_shoals
Shoals:4: shoals_end_grunt_garden, layout_shoals
Snake:1:  layout_chambers, special_room
Snake:2:  layout_grid_maze, serial_shops, shop, nicolae_snake_squiggles,
          nicolae_snake_linked_coils, uniq_aizul
Snake:3:  layout_misc_corridors, nicolae_alphabet_shops, grunt_megastairs_4
Snake:4:  snake_pit, layout_cave_town, st_stairs_5
Slime:1:  layout_caves, nicolae_slime_barrier
Slime:2:  layout_caves, cheibrodos_slime_lost_civilization_4
Slime:3:  layout_caves
Slime:4:  layout_caves
Slime:5
Orc:1:    layout_diamond_mine, serial_shops, shop, nicolae_orc_lava_tube
Orc:2:    pf_orc_diabolical, layout_diamond_mine, portal_ice_cave_entry_imps,
          enter_volcano_1, basic_altar, nooodl_orcs_dogs
Elf:1:    layout_gridlike, nicolae_trove_entry_isolated, basic_altar,
          minivault_28, due_unseen_surprise
Elf:2:    layout_gridlike, basic_altar, portal_desolation_entry_ruin,
          uniq_azrael
Elf:3:    minmay_elf_hall_quartered_circle, layout_geoelf_castle
Vaults:1: st_squares, v_misc_11, v_misc_12, nicolae_vaults_triangles,
          vaults_room_corners, ontoclasm_vaults_tryst, v_misc_32, v_misc_8,
          hangedman_vaults_trim, hangedman_vaults_stretched_pinwheel,
          layout_vaults_ring, serial_shops, nicolae_shop_behind_doors,
          uniq_asterion
Vaults:2: ontoclasm_vaults_pinch, grunt_vaults_focal, v_misc_28,
          ontoclasm_vaults_gateway, nicolae_vaults_murderbox,
          ontoclasm_vaults_bender, ontoclasm_vaults_eye,
          nicolae_vaults_mini_display_case, layout_vaults_omnigrid,
          serial_shops, nicolae_shop_window_shopping
Vaults:3: st_octagons_1, nicolae_vaults_little_squares_3,
          minmay_crypt_entry_simple_statues, vaults_room_fours,
          vaults_room_large_hall, v_misc_8, v_misc_22,
          nicolae_vaults_diagonal_hallway_8, nicolae_vaults_what_the_h,
          v_misc_16, layout_vaults_big_room
Vaults:4: hangedman_vaults_nails, nicolae_vaults_circle_grid_a,
          dpeg_vaults_pockets_of_resistance, v_misc_28, v_misc_23,
          vaults_room_fancy_cross, hangedman_vaults_nails, vaults_mumra_hex,
          nicolae_vaults_border_crossing, v_pattern_4, layout_vaults_omnibox,
          serial_shops, shop, shop, shop, shop
Crypt:1:  layout_catacombs, st_stairs_3, grunt_megastairs_2, uniq_boris,
          uniq_bai_suzhen, uniq_mennas
Crypt:2:  layout_chaotic_city, grunt_megastairs_5
Crypt:3:  david_glass_crypt, layout_chaotic_city, uniq_jory, uniq_frederick,
          uniq_mara, uniq_saint_roka
Depths:1: layout_gridlike, grunt_hell_entry_demonic_statue,
          grunt_decor_one_mirror, abyss_entry, led_sif_pool, grunt_megastairs_1,
          minmay_shoptagon
Depths:2: dpeg_oklob_shooting_range, layout_basic, hangedman_tar_grid_catacomb,
          hangedman_abyss_entry_splay, minmay_misc_feat_alley, serial_shops,
          shop, grunt_pan_entry_in_and_out, small_statue_intersection,
          grunt_ministairs_1, st_stairs_7
Depths:3: nzn_winding_woodlands_medium [nzn_winding_woodlands_5x5_closed_star,
          nzn_winding_woodlands_5x15_longhouse,
          nzn_winding_woodlands_5x5_perimeter, nzn_winding_woodlands_hourglass,
          nzn_winding_woodlands_center_pierced_h,
          nzn_winding_woodlands_5x5_default, nzn_winding_woodlands_5x5_cross,
          nzn_winding_woodlands_5x15_river_crossing,
          nzn_winding_woodlands_5x5_open_star], layout_honeycomb,
          enter_ziggurat_c, serial_shops, nicolae_shop_window_shopping,
          grunt_pan_entry_spiral, hell_entry, infiniplex_staircase_pool_2,
          uniq_xtahua, uniq_margery
Depths:4: minmay_the_grid_net [minmay_the_grid_medium_cups,
          minmay_the_grid_small_cups, minmay_the_grid_aliased_spiral,
          minmay_the_grid_minigrid_small, minmay_the_grid_all_tris,
          minmay_the_grid_prize_four_corners_diamond_a], layout_cave_pools,
          abyss_entry_crystal, hell_entry, infiniplex_staircase_squiggle
Depths:5: grunt_zot_entry_pinwheel, layout_small_grid, hell_entry,
          nemelex_diamond_rough_becter, hangedman_glass_teeth, uniq_enchantress
Zot:1:    kennysheep_blocky_hall, layout_gridlike
Zot:2:    layout_gridlike
Zot:3:    layout_cathedral_of_symmetry
Zot:4:    kennysheep_room_grid, layout_basic, ebering_ghost_xom, zot_minivault_7
Zot:5:    layout_misc_corridors

Skill      XL: |  1  2  3  4  5  6  7  8  9 10 11 12 13 14 15 16 17 18 19 20 21 22 23 24 25 26 27 |
---------------+----------------------------------------------------------------------------------+-----
Spellcasting   | 4 5 6 7 9 11 13 14 16 17 18 19 20 21 22 23 24 25 27 | 27.0
Stealth        | 2 3 4 5 6 |  6.4
Fighting       | 1 2 3 5 6 8 9 10 11 12 13 18 21 | 21.6
Evocations     | 1 2 3 4 6 9 10 11 14 | 14.8
Dodging        | 3 4 5 7 17 | 17.1
Long Blades    | 1 5 7 9 10 11 12 13 14 | 14.6
Shields        | 2 7 9 10 11 12 13 19 | 19.4
Invocations    | 1 2 12 | 12.1

Action                   |  1- 3 |  4- 6 |  7- 9 | 10-12 | 13-15 | 16-18 | 19-21 | 22-24 | 25-27 || total
-------------------------+-------+-------+-------+-------+-------+-------+-------+-------+-------++-------
Melee: Dagger            |     2 |     2 |       |       |       |       |       |       |       ||     4
       Staff             |       |     3 |       |       |       |       |       |       |     7 ||    10
       Mace              |       |       |    10 |     5 |       |       |       |       |       ||    15
       Demon blade       |       |       |       |    17 |   131 |   188 |   250 |    49 |   104 ||   739
Throw: Boomerang         |       |       |       |       |       |       |     5 |       |       ||     5
       Dart              |       |       |       |       |       |       |     5 |       |     2 ||     7
 Cast: Magic Dart        |    64 |    65 |    56 |   102 |    61 |    71 |    41 |     3 |     4 ||   467
       Searing Ray       |     1 |    22 |    55 |    69 |   100 |   108 |    90 |    21 |    59 ||   525
       Animate Skeleton  |       |     1 |       |       |     4 |     1 |    30 |    14 |    53 ||   103
       Ensorcelled Hiber |       |       |     1 |       |       |       |     1 |       |     1 ||     3
       Fulminant Prism   |       |       |     7 |    73 |   200 |   213 |   252 |    75 |   201 ||  1021
       Iskenderun's Myst |       |       |    15 |    85 |   225 |   285 |   204 |   138 |   317 ||  1269
       Summon Mana Viper |       |       |       |    10 |     1 |     4 |       |       |    18 ||    33
       Leda's Liquefacti |       |       |       |     1 |     6 |     6 |     3 |       |       ||    16
       Silence           |       |       |       |       |     1 |       |       |       |       ||     1
       Shadow Creatures  |       |       |       |       |       |    12 |     3 |     8 |    47 ||    70
       Dazzling Flash    |       |       |       |       |       |     1 |       |     8 |     1 ||    10
       Ignition          |       |       |       |       |       |       |    72 |   370 |   698 ||  1140
       Necromutation     |       |       |       |       |       |       |       |     2 |       ||     2
       Dragon's Call     |       |       |       |       |       |       |       |       |    11 ||    11
       Death's Door      |       |       |       |       |       |       |       |       |     1 ||     1
Invok: Lesser Servant of |       |       |       |       |       |     1 |       |       |       ||     1
       Major Destruction |       |       |       |       |       |       |       |       |     2 ||     2
Evoke: Wand              |       |       |       |       |     1 |       |       |       |     2 ||     3
       Box of beasts     |       |       |       |       |       |       |       |       |     1 ||     1
       Condenser vane    |       |       |       |       |       |       |       |       |     1 ||     1
  Use: Scroll            |       |     4 |     4 |     7 |     8 |     7 |     7 |     6 |     3 ||    46
       Potion            |       |     1 |       |     3 |     2 |     3 |     2 |     1 |     6 ||    18
 Stab: Distracted        |       |       |     1 |       |     2 |     2 |       |     1 |     1 ||     7
       Sleeping          |       |       |       |     1 |     1 |     2 |     2 |     1 |       ||     7
Armor: Robe              |     1 |     3 |     3 |     4 |       |       |       |       |       ||    11
       Troll leather arm |       |       |       |    18 |    79 |   123 |    96 |    31 |    55 ||   402
Dodge: Dodged            |     8 |    29 |    26 |    45 |   148 |   231 |   154 |    29 |   168 ||   838
Block: Kite shield       |       |       |       |       |       |    15 |     3 |       |   112 ||   130
       Tower shield      |       |       |       |       |       |       |   261 |   118 |   112 ||   491
       Reflection        |       |       |       |       |       |       |       |    38 |    18 ||    56
       Rpst.: Demon blade |       |       |       |     4 |    32 |    35 |    16 |     1 |     5 ||    93

Table legend: (Time is in decaauts)
 A = Elapsed time spent in this place.
 B = Non-inter-level travel time spent in this place.
 C = Inter-level travel time spent in this place.
 D = Time resting spent in this place.
 E = Time spent auto-exploring this place.
 F = Levels seen in this place.
 G = Mean time per level.
                   A        B        C        D        E       F      G
               +--------+--------+--------+--------+--------+-----+--------+
         Total |  64558 |  59004 |   5554 |   8254 |  27965 |  62 | 1041.3 |
       Dungeon |  19943 |  18424 |   1519 |   4944 |   9339 |  15 | 1329.5 |
        Temple |     72 |     72 |      0 |      0 |     52 |   1 |   72.0 |
          Lair |   6593 |   5670 |    923 |    418 |   3562 |   6 | 1098.8 |
        Shoals |   4187 |   4016 |    171 |    498 |   2167 |   4 | 1046.8 |
     Snake Pit |   4479 |   4234 |    245 |    351 |   2531 |   4 | 1119.8 |
    Slime Pits |   2077 |   1820 |    257 |    165 |    233 |   5 |  415.4 |
  Orcish Mines |   2494 |   1814 |    680 |     85 |    911 |   2 | 1247.0 |
   Elven Halls |   3413 |   3057 |    356 |     50 |   1494 |   3 | 1137.7 |
        Vaults |   5634 |   5154 |    480 |    607 |   2453 |   4 | 1408.5 |
         Crypt |   2798 |   2603 |    195 |     85 |   1036 |   3 |  932.7 |
        Depths |   5955 |   5462 |    493 |    343 |   2726 |   5 | 1191.0 |
           Zot |   4725 |   4493 |    232 |    509 |   1136 |   5 |  945.0 |
         Trove |     98 |     98 |      0 |      0 |      0 |   1 |   98.0 |
      Ice Cave |    703 |    703 |      0 |    165 |      0 |   1 |  703.0 |
       Volcano |    318 |    318 |      0 |      8 |      0 |   1 |  318.0 |
    Desolation |    808 |    808 |      0 |     26 |    301 |   1 |  808.0 |
      Gauntlet |    252 |    252 |      0 |      0 |     23 |   1 |  252.0 |
               +--------+--------+--------+--------+--------+-----+--------+

Top non-repeatable levels by time:
     D:4: 2035 daAuts
Vaults:3: 1857 daAuts
     D:8: 1785 daAuts
     D:5: 1753 daAuts
     D:2: 1740 daAuts
   Orc:2: 1686 daAuts
     D:9: 1680 daAuts
     D:6: 1542 daAuts
Vaults:1: 1513 daAuts
     D:3: 1511 daAuts
  Lair:6: 1502 daAuts
    D:14: 1488 daAuts
Depths:3: 1487 daAuts
     D:1: 1418 daAuts
 Snake:1: 1412 daAuts
